 Dungeon Crawl Stone Soup version 0.29-a0-994-gc5c9f59d18 (webtiles) character file.

Game seed: 2613267775778133976

30774 Nato the Fighter (level 12, -2/112 HPs)
             Began as a Demigod Ice Elementalist on Aug 4, 2022.
             Succumbed to a hornet's poison
             ... on level 5 of the Lair of Beasts.
             The game lasted 01:10:23 (24488 turns).

Nato the Fighter (Demigod Ice Elementalist)        Turns: 24488, Time: 01:10:24

Health: -2/112     AC: 10    Str: 12    XL:     12   Next: 93%
Magic:  24/39      EV: 12    Int: 33    God:
Gold:   399        SH:  0    Dex: 14    Spells: 20/31 levels left

rFire   . . .      SeeInvis .   t - +1 whip (elec)
rCold   . . .      Faith    .   (no shield)
rNeg    + . .      Spirit   .   Z - +2 robe {Will+}
rPois   .          Reflect  .   d - +1 helmet
rElec   .          Harm     .   v - +0 cloak
rCorr   .          Rampage  .   P - +1 pair of gloves {Str+3}
Will    ++...                   n - +0 pair of boots
Stlth   ++........              (no amulet)
HPRegen 0.28/turn               g - ring of positive energy
MPRegen 0.26/turn               H - ring of magical power

@: lethally poisoned (-2 -> -15), slowed, very slow
A: high MP 1, forlorn, divine attributes
a: no special abilities


You were on level 5 of the Lair of Beasts.
You visited 2 branches of the dungeon, and saw 16 of its levels.

You collected 826 gold pieces.
You spent 427 gold pieces at shops.

Inventory:

Hand Weapons
 t - a +1 whip of electrocution (weapon)
Missiles
 f - 4 datura-tipped darts
 o - a throwing net
 q - 12 poisoned darts
 K - 3 curare-tipped darts (quivered)
Armour
 d - a +1 helmet (worn)
 i - a +0 tower shield
 n - a +0 pair of boots (worn)
 v - a +0 cloak (worn)
 P - a +1 pair of gloves of strength (worn)
 Z - a +2 robe of willpower (worn)
Magical Staves
 r - a staff of earth
Jewellery
 a - a ring of fire
 g - a ring of positive energy (left hand)
 p - a ring of fire
 s - the ring of Bomius {rElec rF- rC+ rCorr Stlth-}
   (You found it on level 3 of the Dungeon)

   [ring of protection from cold]

   rF:        It makes you vulnerable to fire.
   rC:        It protects you from cold.
   rElec:     It insulates you from electricity.
   rCorr:     It protects you from acid and corrosion.
   Stlth:     It makes you less stealthy.
 u - a ring of wizardry
 C - a ring of resist corrosion
 H - a ring of magical power (right hand)
 U - a ring of positive energy
Wands
 w - a wand of polymorph (15)
 O - a wand of iceblast (22)
 S - a wand of flame (1)
 X - a wand of acid (5)
 Y - a wand of mindburst (2)
Scrolls
 c - 3 scrolls of poison
 h - 4 scrolls of enchant armour
 k - 4 scrolls of amnesia
 l - 4 scrolls of fog
 m - 3 scrolls of teleportation
 y - 3 scrolls of enchant weapon
 B - 2 scrolls of blinking
 D - 3 scrolls of torment
 F - 3 scrolls of fear
 J - 4 scrolls of vulnerability
 N - a scroll of summoning
 Q - 2 scrolls of brand weapon
 T - 4 scrolls of magic mapping
Potions
 b - 2 potions of magic
 e - 9 potions of curing
 j - a potion of cancellation {unknown}
 x - a potion of ambrosia {unknown}
 z - 5 potions of brilliance
 A - 5 potions of flight
 I - 3 potions of attraction
 L - 2 potions of berserk rage
 M - a potion of haste {unknown}
 V - a potion of might
 W - a potion of heal wounds {unknown}


   Skills:
 - Level 12.0 Fighting
 - Level 1.7 Dodging
 - Level 1.7 Stealth
 - Level 10.0 Spellcasting
 - Level 8.0 Conjurations
 - Level 7.0 Ice Magic
 - Level 7.0 Earth Magic
 + Level 6.2 Evocations


You had 20 spell levels left.
You knew the following spells:

 Your Spells              Type           Power      Damage    Failure   Level
a - Freeze                Ice            100%       1d11      1%          1
b - Frozen Ramparts       Ice            100%       1d18      1%          3
c - Ozocubu's Armour      Ice            58%        N/A       1%          3
d - Hailstorm             Conj/Ice       60%        3d13      1%          4

Your spell library contained the following spells:

 Spells                   Type           Power      Damage    Failure   Level
 Magic Dart               Conj           100%       1d8       1%          1
 Shock                    Conj/Air       100%       1d9       1%          1
 Searing Ray              Conj           100%       2d8       1%          2
 Slow                     Hex            64%        N/A       2%          1
 Fulminant Prism          Conj/Hex       21%        3d13      5%          4
 Confusing Touch          Hex            16%        N/A       9%          3
 Swiftness                Air            16%        N/A       9%          3
 Vampiric Draining        Necr           16%        2d7       9%          3
 Airstrike                Air            8%         2d(2-18)  28%         4
 Dispersal                Tloc           8%         N/A       99%         6
 Disjunction              Tloc           8%         N/A       100%        8


Dungeon Overview and Level Annotations

Branches:
Dungeon (11/15)            Temple (0/1) D:5            Lair (5/5) D:10
  Swamp (0/4) Lair:2       Spider (0/4) Lair:3        Slime (0/5) Lair:4
    Orc: D:9-12

Shops:
D:3 [   D:6 !   D:7 [   D:9 *

Annotations:
Lair:5 1 runed translucent door


Innate Abilities, Weirdness & Mutations

You have an increased reservoir of magic. (+10% MP)
You shall have no god before yourself.
Your divine heritage dramatically boosts your attributes as you level up.


Message History

The frozen ramparts melt away.
You feel sick. The hornet stings you.
You are more poisoned.
You suddenly lose the ability to move!
A torpor snail comes into view.
Being near the torpor snail leaves you feeling lethargic.
The lindwurm breathes flames at you. The blast of flame hits you!!
You feel sick.
A hornet comes into view.
The hornet stings you but does no damage.
The hornet stings you.
You are more poisoned.
You shrug off the repeated paralysis!
The hornet stings you!
You feel as though you will be slow longer.
The hornet stings you!
* * * LOW HITPOINT WARNING * * *
You feel as though you will be slow longer.
The lindwurm bites you.
* * * LOW HITPOINT WARNING * * *
The lindwurm claws you but does no damage.
The lindwurm claws you.
* * * LOW HITPOINT WARNING * * *
The hornet moves out of view.
You feel very sick. The hornet stings you.
* * * LOW HITPOINT WARNING * * *
You feel as though you will be slow longer.
The hornet stings you!
* * * LOW HITPOINT WARNING * * *
You feel as though you will be slow longer.
The lindwurm bites you!
* * * LOW HITPOINT WARNING * * *
The lindwurm claws you but does no damage. x2
You can move again.
As you read the scroll of fear, it crumbles to dust.
You assume a fearsome visage.
The hornet looks frightened!
The lindwurm looks frightened!
The tyrant leech easily resists.
The torpor snail looks frightened!
The lindwurm looks frightened!
The hornet looks frightened!
You die...

#####
###..y###
###....@y.#
##....###k..w#
##....##
##.!.$.# ##
#8..###
##k.... .#
##...## ##w..
.# #+#...###
.. .#
$D####...# .
.# #$.$ #.†##
.# #$$$
##..###


You could see a tyrant leech, a torpor snail (fleeing), 2 lindwurms and 2
hornets.

Vanquished Creatures
  Josephine (Lair:4)
  2 catoblepae
  2 hydras
  A centaur warrior (D:10)
  Pikel (D:5)
  A cyclops (D:11)
  5 black mambas
  12 elephants
  2 torpor snails (Lair:5)
  9 cane toads
  4 rime drakes
  9 komodo dragons
  3 slime creatures (Lair:4)
  4 hornets (Lair:5)
  A polar bear (Lair:4)
  7 blink frogs
  6 wyverns
  4 wraiths (Lair:4)
  12 yaks
  5 basilisks
  Grum (D:9)
  A steam dragon (D:7)
  12 water moccasins
  Duvessa (D:5)
  4 black bears
  2 sky beasts
  4 orc warriors
  12 wolves
  An ogre (D:6)
  4 centaurs
  A lemure (D:5)
  A phantom (D:5)
  Blork the orc (D:5)
  16 bullfrogs
  A gnoll sergeant (D:7)
  A scorpion (D:7)
  Dowan (D:5)
  7 killer bees
  3 howler monkeys (D:9)
  4 electric eels (Lair:2)
  2 crimson imps
  An iron imp (D:7)
  A jelly (Lair:4)
  3 hounds
  Crazy Yiuf (D:3)
  4 orc priests
  2 gnoll boudas
  2 iguanas
  4 orc wizards
  Natasha (thrice) (D:3)
  14 gnolls
  10 adders
  A shadow imp (D:6)
  3 white imps
  An ufetubus (D:7)
  3 worms
  2 dart slugs
  13 orcs
  4 ball pythons
  2 endoplasms
  3 giant cockroaches (D:1)
  5 hobgoblins
  3 jackals (D:1)
  7 kobolds
  4 quokkas
  2 bats (D:3)
  2 frilled lizards
  10 goblins
  3 rats
284 creatures vanquished.

Vanquished Creatures (collateral kills)
  A catoblepas (Lair:5)
  A rime drake (Lair:5)
2 creatures vanquished.

Vanquished Creatures (others)
  35 fungi
  104 plants
139 creatures vanquished.

Grand Total: 425 creatures vanquished

Notes
Turn   | Place    | Note
-------+----------+-------------------------------------------
     0 | D:1      | Nato the Demigod Ice Elementalist began the quest for the
                  | Orb.
     0 | D:1      | Reached XP level 1. HP: 14/14 MP: 5/5
   366 | D:1      | Reached XP level 2. HP: 13/20 MP: 5/8
  1288 | D:2      | Reached XP level 3. HP: 23/26 MP: 1/10
  2357 | D:3      | Identified the ring of Bomius {rElec rF- rC+ rCorr Stlth-}
  2524 | D:3      | Reached XP level 4. HP: 33/33 MP: 9/12
  2543 | D:3      | Found Goqez's Armour Emporium.
  2553 | D:3      | Identified the +8 whip of Darkness {distort, rElec rPois
                  | rN++ Dex-2}
  2563 | D:3      | Learned a level 3 spell: Frozen Ramparts
  2567 | D:3      | Learned a level 3 spell: Ozocubu's Armour
  2673 | D:3      | Found a runed translucent door.
  2674 | D:3      | Noticed Crazy Yiuf
  2841 | D:3      | Noticed Natasha
  2853 | D:3      | Killed Natasha
  3326 | D:3      | Killed Crazy Yiuf
  3327 | D:3      | Reached XP level 5. HP: 33/38 MP: 5/14
  3414 | D:3      | Noticed Natasha
  3424 | D:3      | Killed Natasha
  3542 | D:3      | Noticed Natasha
  3551 | D:3      | Killed Natasha
  3552 | D:3      | Reached skill level 5 in Ice Magic
  4685 | D:5      | Entered Level 5 of the Dungeon
  4708 | D:5      | Noticed Dowan
  4709 | D:5      | Noticed Duvessa
  5075 | D:5      | Reached XP level 6. HP: 42/45 MP: 2/15
  5171 | D:5      | Killed Duvessa
  5183 | D:5      | Killed Dowan
  5477 | D:5      | Found a staircase to the Ecumenical Temple.
  5481 | D:5      | Noticed Pikel
  5494 | D:5      | Killed Pikel
  5495 | D:5      | Reached XP level 7. HP: 50/50 MP: 8/19
  5821 | D:5      | Reached XP level 8. HP: 43/57 MP: 16/21
  6133 | D:5      | Noticed Blork the orc
  6151 | D:5      | Killed Blork the orc
  6892 | D:6      | Reached skill level 1 in Fighting
  7154 | D:6      | Found Entusol's Distillery.
  7193 | D:6      | Reached skill level 2 in Fighting
  7230 | D:6      | Identified the amulet of Judizam {Spirit Rampage +Inv rC+++
                  | Dex-4}
  7496 | D:6      | Reached skill level 3 in Fighting
  7754 | D:7      | Reached skill level 4 in Fighting
  7820 | D:7      | Reached XP level 9. HP: 72/72 MP: 17/25
  8009 | D:7      | Found Ikhlick's Antique Armour Shop.
  8235 | D:7      | Reached skill level 5 in Fighting
  8901 | D:7      | Bought a pair of masterwork boots for 285 gold pieces
  8901 | D:7      | Identified the -1 pair of boots "Timib" {Dex+2} (You bought
                  | it in a shop on level 7 of the Dungeon)
  8920 | D:8      | Reached skill level 6 in Fighting
  9232 | D:8      | Reached skill level 7 in Fighting
  9344 | D:8      | Reached skill level 8 in Fighting
  9773 | D:9      | Found Vuhyt's Assorted Antiques.
  9788 | D:9      | Bought a pair of embroidered gloves for 142 gold pieces
  9887 | D:9      | Noticed Grum
  9896 | D:9      | Reached skill level 9 in Fighting
  9897 | D:9      | Killed Grum
  9898 | D:9      | Reached XP level 10. HP: 74/91 MP: 10/26
 11016 | D:10     | Entered Level 10 of the Dungeon
 11016 | D:10     | Noticed a death yak
 11634 | D:10     | Noticed a centaur warrior
 11650 | D:10     | Killed a centaur warrior
 11651 | D:10     | Reached skill level 10 in Fighting
 11970 | D:10     | Reached skill level 11 in Fighting
 12174 | D:10     | Found a staircase to the Lair.
 12526 | Lair:1   | Entered Level 1 of the Lair of Beasts
 12544 | D:10     | Learned a level 4 spell: Hailstorm
 12901 | D:11     | Noticed a cyclops
 12903 | D:11     | Noticed a cyclops
 12905 | D:11     | Killed a cyclops
 13013 | Lair:1   | Noticed a black mamba
 13019 | Lair:1   | Killed a black mamba
 13494 | Lair:1   | Reached skill level 12 in Fighting
 13639 | Lair:1   | Reached skill level 1 in Conjurations
 13851 | Lair:1   | Noticed an elephant
 13852 | Lair:1   | Noticed an elephant
 13862 | Lair:1   | Killed an elephant
 13863 | Lair:1   | Reached XP level 11. HP: 104/104 MP: 27/27
 14469 | Lair:1   | Noticed a six-headed hydra
 14491 | Lair:1   | Killed a six-headed hydra
 14492 | Lair:1   | Reached skill level 5 in Conjurations
 15805 | Lair:2   | Reached skill level 1 in Earth Magic
 16910 | Lair:2   | Reached skill level 5 in Earth Magic
 17580 | Lair:2   | Noticed a bog body
 17745 | Lair:2   | Found a staircase to the Swamp.
 17774 | Lair:2   | Noticed a bog body
 18139 | Lair:3   | Found a hole to the Spider Nest.
 18589 | Lair:3   | Reached XP level 12. HP: 105/112 MP: 28/28
 19022 | Lair:3   | Noticed a catoblepas
 19369 | Lair:3   | Killed a catoblepas
 20498 | Lair:4   | Found a staircase to the Slime Pits.
 20791 | Lair:4   | Noticed Josephine
 20801 | Lair:4   | Killed Josephine
 22275 | Lair:5   | Entered Level 5 of the Lair of Beasts
 22442 | Lair:5   | Reached skill level 10 in Spellcasting
 22445 | Lair:5   | Reached skill level 1 in Evocations
 22844 | Lair:5   | Noticed a catoblepas
 22856 | Lair:5   | Killed a catoblepas
 23290 | Lair:5   | Noticed a six-headed hydra
 23545 | Lair:5   | Noticed a catoblepas
 23584 | Lair:5   | Killed a six-headed hydra
 23589 | Lair:5   | Killed a catoblepas
 23697 | Lair:5   | Reached skill level 5 in Evocations
 24463 | Lair:5   | Found a runed translucent door.
 24463 | Lair:5   | Noticed an ice dragon
 24485 | Lair:5   | Paralysed by a hornet for 3 turns
 24487 | Lair:5   | HP: 3/112 [lindwurm (12)]
 24488 | Lair:5   | Succumbed to a hornet's poison

Illustrated notes

Levels and vault maps discovered:
D:1:      scummos_arrival_checkerplants, layout_loops_ring
D:2:      cheibrodos_helix_gallery, layout_loops_ring, basic_altar,
          dilly_ecumenical_altar_fadedgnrine
D:3:      layout_rooms, grunt_temple_overflow_opulence, serial_shops, shop,
          chequers_serial_rivers_micro_e, grunt_decor_clamped, uniq_natasha,
          uniq_crazy_yiuf_cottage
D:4:      layout_gridville, mainiacjoe_overflow_small_starburst
D:5:      layout_rooms, minmay_temple_entry_junction_2, minivault_14,
          uniq_blork_the_orc, uniq_duvessa, uniq_pikel
D:6:      layout_rooms, serial_shops,
          nicolae_shop_temple_entry_statues_fountains, minmay_liquid_box,
          nicolae_underground_beach
D:7:      layout_rooms, nicolae_uskayaw_suspiria, lemuel_crystal_altar,
          slow_altar_1, mainiacjoe_overflow_surrounded_room, serial_shops, shop,
          minmay_fire_ice_demons
D:8:      layout_basic, xom_redecorated
D:9:      layout_basic, grunt_temple_overflow_lords_of_destruction,
          mainiacjoe_overflow_boulevard, zin_scriptorium,
          amethyst_overflow_temple_binary, serial_shops,
          nicolae_shop_overgrown_old_shop, uniq_grum
D:10:     layout_loops_corners, nicolae_overflow_hidden_temple,
          david_lair_generic
D:11:     layout_cave_pools, zombieorc1_lemuel, nicolae_trove_entry_columns,
          uniq_lodul, uniq_erolcha
Lair:1:   layout_long_grid, grunt_megastairs_1, lemuel_fruit_tree
Lair:2:   layout_regular_city, skrybe_swamp_entry_bodies, serial_bayou_shore_a
Lair:3:   layout_hall_layers, spider_nest_entry_web_field, grunt_megastairs_4,
          infiniplex_staircase_pool_2
Lair:4:   layout_layer_cave, minmay_slime_entry_pillars, uniq_josephine
Lair:5:   wormcave, layout_regular_city, nicolae_lair_yak_garden,
          infiniplex_staircase_pool

Skill      XL: |  1  2  3  4  5  6  7  8  9 10 11 12 |
---------------+-------------------------------------+-----
Spellcasting   | 2 3 4 6 8 10 | 10.0
Ice Magic      | 4 5 7 |  7.0
Fighting       | 4 9 12 | 12.0
Conjurations   | 2 8 |  8.0
Earth Magic    | 6 7 |  7.0
Evocations     | 6 |  6.2
Dodging        | |  1.7
Stealth        | |  1.7

Action                   |  1- 3 |  4- 6 |  7- 9 | 10-12 || total
-------------------------+-------+-------+-------+-------++-------
Melee: Dagger            |    69 |     6 |       |       ||    75
       Punch             |     2 |       |     1 |     1 ||     4
       Whip              |       |    50 |    31 |    32 ||   113
Throw: Javelin           |       |       |     1 |       ||     1
 Cast: Freeze            |    34 |    20 |    50 |   256 ||   360
       Frozen Ramparts   |       |    20 |    44 |    94 ||   158
       Ozocubu's Armour  |       |     7 |    25 |    63 ||    95
       Hailstorm         |       |       |       |    21 ||    21
  Use: Scroll            |       |     4 |     4 |    14 ||    22
 Stab: Sleeping          |     4 |     3 |       |       ||     7
Armor: Robe              |    21 |    20 |    36 |    50 ||   127
       Animal skin       |       |       |       |   119 ||   119
Dodge: Dodged            |    61 |    41 |    53 |   192 ||   347

Table legend: (Time is in decaauts)
 A = Elapsed time spent in this place.
 B = Non-inter-level travel time spent in this place.
 C = Inter-level travel time spent in this place.
 D = Time resting spent in this place.
 E = Time spent auto-exploring this place.
 F = Levels seen in this place.
 G = Mean time per level.
                   A        B        C        D        E       F      G
               +--------+--------+--------+--------+--------+-----+--------+
         Total |  24555 |  22830 |   1725 |   8235 |  11739 |  16 | 1534.7 |
       Dungeon |  12969 |  12003 |    966 |   3165 |   7290 |  11 | 1179.0 |
          Lair |  11586 |  10828 |    758 |   5070 |   4449 |   5 | 2317.2 |
               +--------+--------+--------+--------+--------+-----+--------+

Top non-repeatable levels by time:
  Lair:1: 2696 daAuts
  Lair:2: 2547 daAuts
  Lair:4: 2401 daAuts
  Lair:5: 2101 daAuts
    D:10: 1886 daAuts
  Lair:3: 1838 daAuts
     D:5: 1606 daAuts
     D:6: 1437 daAuts
     D:3: 1332 daAuts
     D:9: 1297 daAuts
     D:1: 1230 daAuts
     D:7: 1188 daAuts
     D:4: 1106 daAuts
     D:2: 1017 daAuts
     D:8: 859 daAuts
